 Adventure DCSS version bcrawl-1.21.3-2-g9d8a61a446 (webtiles) character file.

Game seed: 15820995986538593771

6272 pasperui the Grappler (level 10, -2/91 HPs)
             Began as a Gnoll Reaver on Jan 20, 2020.
             Was a High Priest of Vehumet.
             Engulfed by a death drake (shapeshifter)'s foul pestilence (10 damage)
             ... on level 10 of the Dungeon on Apr 23, 2020.
             The game lasted 00:41:22 (9838 turns).

pasperui the Grappler (Gnoll Reaver)                Turns: 9838, Time: 00:41:23

Health: -2/91      AC: 12    Str: 13    XL:     10   Next: 94%
Magic:  4/30       EV: 17    Int: 17    God:    Vehumet [*****.]
Gold:   580        SH:  5    Dex: 13    Spells: 11/24 levels left
                                        Lives:  0   Deaths: 2

rFire    + . .     SeeInvis .   Z - +8 long sword "Sosib" {speed, rElec rN+ Str-4}
rCold    + . .     Gourm    .   v - -2 buckler (curse)
rNeg     + . .     Faith    .   a - +0 steam dragon scales
rPois    +         Spirit   .   C - +1 helmet
rElec    +         Reflect  .   (no cloak)
rCorr    +         Harm     .   (no gloves)
MR       .....                  W - +2 pair of boots
Stlth    +++.......             (no amulet)
HPRegen  0.25/turn              A - ring of insulation
MPRegen  0.22/turn              P - ring of magical power

@: lethally poisoned (-2 -> -21), resistant, slowed, very slow
A: distributed training, fangs 1, poison resistance, robust 1, shaggy fur 1,
wild magic 1, strong nose
a: Renounce Religion


You were on level 10 of the Dungeon.
You worshipped Vehumet.
Vehumet was extremely pleased with you.
You were not hungry.

You visited 1 branch of the dungeon, and saw 10 of its levels.

You collected 580 gold pieces.

Inventory:

Hand Weapons
 y - a +5 blowgun
 B - the +1 rapier of Deflation {flame, +Blink rC+}
   (You found it on level 4 of the Dungeon)

   It has been specially enchanted to burn those struck by it, causing extra
   injury to most foes and up to half again as much damage against particularly
   susceptible opponents.
   It protects you from cold.
   It lets you blink.
 D - a +1 great sword of freezing
 K - a +2 spear of freezing
 Q - a +0 shortbow
 X - a +0 trident of holy wrath
 Z - the +8 long sword "Sosib" (weapon) {speed, rElec rN+ Str-4}
   (You found it on level 9 of the Dungeon)

   Attacks with this weapon are significantly faster.
   It affects your strength (-4).
   It insulates you from electricity.
   It protects you from negative energy.
Missiles
 f - 504 sling bullets
 h - 149 poisoned needles
 j - 1543 stones (quivered)
 l - 530 arrows
 x - 144 bolts
 z - 51 curare-tipped needles
 I - 90 poisoned tomahawks
Armour
 a - +0 steam dragon scales (worn)
 d - a +1 ring mail of poison resistance
 v - a cursed -2 buckler (worn)
 C - a +1 helmet (worn)
 O - a cursed +0 medium shield
 W - a +2 pair of boots (worn)
Jewellery
 w - a +2 amulet of reflection {unknown}
 A - a ring of insulation (left hand)
 L - an uncursed ring of poison resistance {unknown}
 P - a ring of magical power (right hand)
Wands
 F - a wand of iceblast (8)
 H - a wand of digging (16)
 J - a wand of disintegration (16)
Scrolls
 g - 3 scrolls of amnesia {unknown}
 k - 5 scrolls of identify {unknown}
 m - 4 scrolls of teleportation {unknown}
 n - 4 scrolls of fear {unknown}
 p - 5 scrolls of remove curse {unknown}
 E - 3 scrolls of enchant weapon {unknown}
 G - a scroll of enchant armour {unknown}
 M - 2 scrolls of magic mapping {unknown}
 N - a scroll of noise {unknown}
 S - a scroll of silence {unknown}
 T - 2 scrolls of blinking {unknown}
Potions
 b - a potion of haste
 i - 2 potions of resistance
 o - a potion of curing
 q - 5 potions of lignification {unknown}
 r - a potion of agility {unknown}
 s - 2 potions of heal wounds {unknown}
 t - a potion of mutation
 u - 2 potions of ambrosia {unknown}
 R - 3 potions of degeneration {unknown}
Comestibles
 e - 22 rations {!d}
 U - 5 chunks of flesh


   Skills:
 + Level 9.0 Fighting
 + Level 6.0 Short Blades
 + Level 6.0 Long Blades
 + Level 6.0 Axes
 + Level 6.0 Maces & Flails
 + Level 6.0 Polearms
 + Level 6.0 Staves
 + Level 6.0 Slings
 + Level 6.0 Bows
 + Level 6.0 Crossbows
 + Level 6.0 Throwing
 + Level 6.0 Armour
 + Level 9.0 Dodging
 + Level 6.0 Stealth
 + Level 6.0 Shields
 + Level 9.0 Unarmed Combat
 + Level 7.9 Spellcasting
 + Level 5.0 Conjurations
 + Level 5.0 Hexes
 + Level 5.0 Charms
 + Level 5.0 Summonings
 + Level 5.0 Necromancy
 + Level 5.0 Translocations
 + Level 5.0 Transmutations
 + Level 5.0 Fire Magic
 + Level 5.0 Ice Magic
 + Level 5.0 Air Magic
 + Level 5.0 Earth Magic
 + Level 5.0 Poison Magic
 + Level 6.6 Invocations
 + Level 6.0 Evocations


You had 11 spell levels left.
You knew the following spells:

 Your Spells              Type           Power        Failure   Level  Hunger
a - Flame Tongue          Conj/Fire      ####.        1%          1    None
b - Shock                 Conj/Air       ####.        1%          1    None
c - Inner Flame           Hex/Fire       N/A          1%          3    #......
d - Stone Arrow           Conj/Erth      ####..       1%          3    #......
e - Mephitic Cloud        Conj/Pois/Air  ####....     1%          3    #......
f - Blink                 Tloc           N/A          3%          2    None

Your spell library contained the following spells:

 Spells                   Type           Power        Failure   Level  Hunger
 Fireball                 Conj/Fire      ####......   13%         5    #####..
 Magic Dart               Conj           ####         1%          1    None
 Conjure Flame            Conj/Fire      ####....     1%          3    #......
 Call Imp                 Summ           ####..       3%          2    None
 Spider Form              Tmut/Pois      ###          7%          3    #......
 Iskenderun's Battlesphe  Conj/Chrm      ####....     13%         5    #####..


Dungeon Overview and Level Annotations

Branches:
Dungeon (10/12)            Temple (0/1) D:6            Lair (0/6) D:7
    Orc (0/1) D:9

Altars:
Ashenzari
Dithmenos
Fedhas
Hepliaklqana
Sif Muna
The Shining One

Shops:
D:6 [


Innate Abilities, Weirdness & Mutations

Your experience applies equally to all skills.
You have very sharp teeth.
Your uncanny sense of smell can sniff out nearby items.
Your system is resistant to poisons. (rPois)
You are robust. (+10% HP)
You are covered in fur. (AC +1)
Your spells are a little harder to cast, but a little more powerful.


Message History

You feel very sick. The death drake barely misses you.
The death drake misses you.
Unknown command.
You slash the death drake!
The death drake is almost dead.
* * * LOW HITPOINT WARNING * * *
You feel sick.
The death drake bites you but does no damage.
Unknown command.
You hit the death drake but do no damage.
The death drake is almost dead.
* * * LOW HITPOINT WARNING * * *
You feel very sick. The death drake breathes miasma at you.
The foul vapour misses you.
Unknown command.
You feel better.
You are engulfed in dark miasma.
You are lethally poisoned!
You feel as though you will be slow longer.
You die...

..# #.# #. #.# ...
#.####.# . ..
..#......# . ...
....#...○○○# . #.#
....#....○○#
.##.##>...#...○○@#
..........#....○k#
..........#......#
..........#....#.#
..[.......#....#.#
##..##....+......#
##..##....#...°..#
....).....#......#
..........#.#○...#


You could see a death drake shaped shifter.

Vanquished Creatures
  2 two-headed ogres
  A cyclops (D:10)
  A manticore (shapeshifter) (D:8)
  2 centaur skeletons (D:10)
  2 trolls (D:9)
  A hippogriff (D:9)
  3 yaks (D:9)
  A wraith (D:10)
  A hungry ghost (D:10)
  A steam dragon (D:4)
  A crocodile (D:7)
  3 soldier ants (D:9)
  2 sky beasts
  3 ice beasts
  3 orc warriors
  An eye of draining (D:9)
  A black bear (D:9)
  6 ogres
  A centaur (D:4)
  4 bullfrogs
  A big kobold (D:10)
  A water moccasin zombie (D:5)
  A wyvern skeleton (D:7)
  4 wights (D:4)
  2 howler monkeys
  A bullfrog zombie (D:8)
  9 crimson imps
  A quasit (D:7)
  6 jellies
  7 orc wizards
  2 bullfrog skeletons
  3 orc priests
  4 hounds
  2 iguanas
  9 worker ants
  A hound skeleton (D:3)
  14 gnolls
  A howler monkey skeleton (D:4)
  9 adders
  2 shadow imps
  9 oozes
  An adder skeleton (D:4)
  An adder zombie (D:7)
  4 worms
  9 leopard geckos
  44 orcs
  A ball python (D:2)
  3 giant cockroaches
  11 goblins
  5 hobgoblins
  17 jackals
  3 quokkas
  5 bats
  3 frilled lizards
  A jackal skeleton (D:4)
  17 kobolds
  3 rats
  A fungus (D:3)
258 creatures vanquished.

Vanquished Creatures (others)
  An orc (D:5)
  A jackal skeleton (D:5)
  12 toadstools (D:3)
14 creatures vanquished.

Grand Total: 272 creatures vanquished

Notes
Turn   | Place    | Note
-------+----------+-------------------------------------------
     0 | D:1      | pasperui the Gnoll Reaver began the quest for the Orb.
     0 | D:1      | Reached XP level 1. HP: 23/23 MP: 6/6
   157 | D:1      | Reached XP level 2. HP: 27/29 MP: 7/7
   959 | D:2      | Reached XP level 3. HP: 35/35 MP: 9/9
   961 | D:2      | Reached skill level 5 in Spellcasting
   990 | D:2      | Reached * piety under Vehumet
   990 | D:2      | Offered knowledge of Flame Tongue by Vehumet.
   993 | D:2      | Learned a level 1 spell: Flame Tongue
  1191 | D:2      | Reached skill level 1 in Invocations
  1379 | D:2      | Reached skill level 1 in Short Blades
  1379 | D:2      | Reached skill level 1 in Long Blades
  1379 | D:2      | Reached skill level 1 in Axes
  1379 | D:2      | Reached skill level 1 in Maces & Flails
  1379 | D:2      | Reached skill level 1 in Polearms
  1379 | D:2      | Reached skill level 1 in Staves
  1379 | D:2      | Reached skill level 1 in Slings
  1379 | D:2      | Reached skill level 1 in Bows
  1379 | D:2      | Reached skill level 1 in Crossbows
  1379 | D:2      | Reached skill level 1 in Throwing
  1379 | D:2      | Reached skill level 1 in Armour
  1379 | D:2      | Reached skill level 1 in Stealth
  1379 | D:2      | Reached skill level 1 in Shields
  1379 | D:2      | Reached skill level 1 in Evocations
  1391 | D:2      | Reached XP level 4. HP: 41/41 MP: 11/11
  1641 | D:3      | Reached skill level 1 in Conjurations
  1641 | D:3      | Reached skill level 1 in Hexes
  1641 | D:3      | Reached skill level 1 in Charms
  1641 | D:3      | Reached skill level 1 in Summonings
  1641 | D:3      | Reached skill level 1 in Necromancy
  1641 | D:3      | Reached skill level 1 in Translocations
  1641 | D:3      | Reached skill level 1 in Transmutations
  1641 | D:3      | Reached skill level 1 in Fire Magic
  1641 | D:3      | Reached skill level 1 in Ice Magic
  1641 | D:3      | Reached skill level 1 in Air Magic
  1641 | D:3      | Reached skill level 1 in Earth Magic
  1641 | D:3      | Reached skill level 1 in Poison Magic
  1946 | D:3      | Reached XP level 5. HP: 46/47 MP: 8/12
  2021 | D:3      | Found a blossoming altar of Fedhas.
  2068 | D:3      | Reached ** piety under Vehumet
  2243 | D:3      | Offered knowledge of Shock by Vehumet.
  2246 | D:3      | Learned a level 1 spell: Shock
  2261 | D:3      | Reached XP level 6. HP: 27/53 MP: 10/13
  2549 | D:3      | Noticed an ice beast
  2575 | D:3      | Killed an ice beast
  2883 | D:4      | Got an ichor-stained rapier
  2884 | D:4      | Identified the +1 rapier of Deflation {flame, +Blink rC+}
                  | (You found it on level 4 of the Dungeon)
  3115 | D:4      | Reached XP level 7. HP: 50/59 MP: 12/15
  3418 | D:4      | Offered knowledge of Inner Flame by Vehumet.
  3652 | D:4      | Reached *** piety under Vehumet
  3822 | D:4      | Reached XP level 8. HP: 63/67 MP: 16/16
  4125 | D:4      | Learned a level 3 spell: Inner Flame
  4502 | D:5      | Entered Level 5 of the Dungeon
  4749 | D:5      | Offered knowledge of Stone Arrow by Vehumet.
  4754 | D:5      | Learned a level 3 spell: Stone Arrow
  4987 | D:5      | Noticed a skeletal warrior
  5551 | D:5      | HP: 3/67 [orc wizard/exploding inner flame[the player
                  | character] (33)]
  5551 | D:5      | Engulfed by a cloud of flame
  5552 | D:5      | Reached XP level 7. HP: -19/60 MP: 14/16
  5563 | D:5      | Upgraded the game from bcrawl-1.20 to
                  | bcrawl-1.21.2-20-g6d45ba5942
  5631 | D:6      | Reached XP level 8. HP: 67/67 MP: 12/17
  6009 | D:6      | Reached **** piety under Vehumet
  6012 | D:6      | Found a staircase to the Ecumenical Temple.
  6061 | D:6      | Found Qetiarux's Antique Armour Shop.
  6341 | D:6      | Offered knowledge of Dazzling Spray by Vehumet.
  6423 | D:7      | Found a staircase to the Lair.
  6918 | D:7      | Reached XP level 9. HP: 72/74 MP: 18/18
  7118 | D:7      | Found a shadowy altar of Dithmenos.
  7424 | D:8      | Learned a level 3 spell: Mephitic Cloud
  7427 | D:8      | Learned a level 2 spell: Blink
  7517 | D:8      | Noticed a two-headed ogre
  7525 | D:8      | Killed a two-headed ogre
  7525 | D:8      | Reached skill level 5 in Invocations
  7859 | D:8      | Found a shattered altar of Ashenzari.
  7861 | D:8      | Noticed a jumping spider
  7864 | D:8      | Found a hazy altar of Hepliaklqana.
  7873 | D:8      | Found a shimmering blue altar of Sif Muna.
  7883 | D:8      | Noticed a yaktaur
  7883 | D:8      | a jumping spider changed into a yaktaur
  7885 | D:8      | Noticed a fire crab
  7885 | D:8      | a yaktaur changed into a fire crab
  7894 | D:8      | Engulfed by a fire crab (shapeshifter)'s flame
  7895 | D:8      | Reached XP level 8. HP: -6/68 MP: 14/27
  7895 | D:8      | Upgraded the game from bcrawl-1.21.2-20-g6d45ba5942 to
                  | bcrawl-1.21.3-2-g9d8a61a446
  7946 | D:8      | Noticed a manticore
  7953 | D:8      | Killed a manticore
  7953 | D:8      | Reached skill level 5 in Short Blades
  7953 | D:8      | Reached skill level 5 in Long Blades
  7953 | D:8      | Reached skill level 5 in Axes
  7953 | D:8      | Reached skill level 5 in Maces & Flails
  7953 | D:8      | Reached skill level 5 in Polearms
  7953 | D:8      | Reached skill level 5 in Staves
  7953 | D:8      | Reached skill level 5 in Slings
  7953 | D:8      | Reached skill level 5 in Bows
  7953 | D:8      | Reached skill level 5 in Crossbows
  7953 | D:8      | Reached skill level 5 in Throwing
  7953 | D:8      | Reached skill level 5 in Armour
  7953 | D:8      | Reached skill level 5 in Stealth
  7953 | D:8      | Reached skill level 5 in Shields
  7953 | D:8      | Reached skill level 5 in Evocations
  7953 | D:8      | Reached XP level 9. HP: 39/75 MP: 16/19
  8385 | D:9      | Noticed a two-headed ogre
  8393 | D:9      | Killed a two-headed ogre
  8404 | D:9      | Noticed a troll
  8629 | D:9      | Noticed a troll
  8637 | D:9      | Killed a troll
  8695 | D:9      | Reached ***** piety under Vehumet
  8695 | D:9      | Reached XP level 10. HP: 64/82 MP: 4/21
  8709 | D:9      | Offered knowledge of Fireball by Vehumet.
  8732 | D:9      | Gained mutation: You are covered in fur. (AC +1) [potion of
                  | mutation]
  8732 | D:9      | Gained mutation: You are robust. (+10% HP) [potion of
                  | mutation]
  8732 | D:9      | Gained mutation: Your spells are a little harder to cast,
                  | but a little more powerful. [potion of mutation]
  8732 | D:9      | Gained mutation: Your system is resistant to poisons.
                  | (rPois) [potion of mutation]
  8748 | D:9      | Found a staircase to the Orcish Mines.
  8949 | D:9      | Got a steaming long sword
  8950 | D:9      | Identified the +8 long sword "Sosib" {speed, rElec rN+
                  | Str-4} (You found it on level 9 of the Dungeon)
  8968 | D:9      | Found a glowing golden altar of the Shining One.
  9431 | D:10     | Entered Level 10 of the Dungeon
  9613 | D:10     | Noticed a cyclops
  9644 | D:10     | Killed a cyclops
  9715 | D:10     | Reached skill level 5 in Conjurations
  9715 | D:10     | Reached skill level 5 in Hexes
  9715 | D:10     | Reached skill level 5 in Charms
  9715 | D:10     | Reached skill level 5 in Summonings
  9715 | D:10     | Reached skill level 5 in Necromancy
  9715 | D:10     | Reached skill level 5 in Translocations
  9715 | D:10     | Reached skill level 5 in Transmutations
  9715 | D:10     | Reached skill level 5 in Fire Magic
  9715 | D:10     | Reached skill level 5 in Ice Magic
  9715 | D:10     | Reached skill level 5 in Air Magic
  9715 | D:10     | Reached skill level 5 in Earth Magic
  9715 | D:10     | Reached skill level 5 in Poison Magic
  9805 | D:10     | Noticed a death drake
  9805 | D:10     | a jumping spider changed into a death drake
  9836 | D:10     | HP: 4/90 [poisoned by a death drake (foul vapour)]
  9837 | D:10     | HP: 1/90 [poisoned by a death drake (foul vapour)]
  9838 | D:10     | Engulfed by a death drake (shapeshifter)'s foul pestilence

Skill      XL: |  1  2  3  4  5  6  7  8  9 10 |
---------------+-------------------------------+-----
Spellcasting   | 5 6 7 |  7.9
Invocations    | 1 2 4 6 |  6.6
Short Blades   | 1 2 5 6 |  6.0
Long Blades    | 1 2 5 6 |  6.0
Axes           | 1 2 5 6 |  6.0
Maces & Flails | 1 2 5 6 |  6.0
Polearms       | 1 2 5 6 |  6.0
Staves         | 1 2 5 6 |  6.0
Slings         | 1 2 5 6 |  6.0
Bows           | 1 2 5 6 |  6.0
Crossbows      | 1 2 5 6 |  6.0
Throwing       | 1 2 5 6 |  6.0
Armour         | 1 2 5 6 |  6.0
Stealth        | 1 2 5 6 |  6.0
Shields        | 1 2 5 6 |  6.0
Evocations     | 1 2 5 6 |  6.0
Conjurations   | 1 3 4 5 |  5.0
Hexes          | 1 3 4 5 |  5.0
Charms         | 1 3 4 5 |  5.0
Summonings     | 1 3 4 5 |  5.0
Necromancy     | 1 3 4 5 |  5.0
Translocations | 1 3 4 5 |  5.0
Transmutations | 1 3 4 5 |  5.0
Fire Magic     | 1 3 4 5 |  5.0
Ice Magic      | 1 3 4 5 |  5.0
Air Magic      | 1 3 4 5 |  5.0
Earth Magic    | 1 3 4 5 |  5.0
Poison Magic   | 1 3 4 5 |  5.0
Fighting       | 7 8 9 |  9.0
Dodging        | 7 8 9 |  9.0
Unarmed Combat | 7 8 9 |  9.0

Action                   |  1- 3 |  4- 6 |  7- 9 | 10-12 || total
-------------------------+-------+-------+-------+-------++-------
Melee: Unarmed           |   110 |   116 |       |       ||   226
       Bite              |    10 |    21 |    42 |    14 ||    87
       Rapier            |       |    36 |   365 |    35 ||   436
       Long sword        |       |       |       |    93 ||    93
 Cast: Flame Tongue      |       |    43 |    34 |    13 ||    90
       Shock             |       |     5 |    89 |       ||    94
       Stone Arrow       |       |       |    52 |    40 ||    92
       Inner Flame       |       |       |     2 |       ||     2
       Mephitic Cloud    |       |       |     3 |     7 ||    10
       Blink             |       |       |       |     3 ||     3
  Use: Potion            |       |       |     1 |     4 ||     5
 Stab: Sleeping          |     3 |     2 |     5 |     1 ||    11
       Confused          |       |       |       |     2 ||     2
       Distracted        |       |       |       |     1 ||     1
  Eat: Chunk             |     2 |     5 |    10 |     5 ||    22
       Ration            |       |       |     1 |       ||     1
Armor: Steam dragon scal |    23 |    25 |    95 |    35 ||   178
Dodge: Dodged            |    63 |    84 |   320 |    76 ||   543
Block: Buckler           |       |    10 |    44 |    20 ||    74
